 Dungeon Crawl Stone Soup version 0.31-a0-1002-g8e65716e6e (webtiles) character file.

Game seed: 18178323870384855520

475 Queen the Grave Robber (level 6, -2/41 HPs)
             Began as a Demonspawn Necromancer on Nov 10, 2023.
             Slain by Grinder (7 damage)
             ... while paralysed by Grinder
             ... on level 3 of the Dungeon.
             The game lasted 00:40:22 (3774 turns).

Queen the Grave Robber (Demonspawn Necromancer)     Turns: 3774, Time: 00:40:23

Health: -2/41      AC:  2    Str:  6 (9)  XL:     6   Next: 84%
Magic:  5/11       EV:  2    Int: 15 (18) God:
Gold:   84         SH:  0    Dex: 16 (19) Spells: 7/12 levels left

rFire   . . .        f - +0 dagger
rCold   . . .        (no shield)
rNeg    + . .        a - +0 robe
rPois   .            (no helmet)
rElec   .            (no cloak)
rCorr   .            (no gloves)
SInv    .            (no boots)
Will    .....        (no amulet)
Stlth   +++++        l - ring of positive energy
HPRegen 0.26/turn    (no ring)
MPRegen 0.12/turn

%: no passive effects
@: paralysed
A: thin skeletal structure 3, spiny 1
a: no special abilities


You were on level 3 of the Dungeon.
You visited 1 branch of the dungeon, and saw 3 of its levels.
You also visited: Sewer.

You collected 84 gold pieces.

Inventory:

Hand Weapons
 f - a +0 dagger (weapon)
 m - a +0 short sword
Missiles
 k - 17 poisoned darts
 t - a boomerang
 u - 5 javelins
Armour
 a - a +0 robe (worn)
Jewellery
 l - a ring of positive energy (left hand)
Talismans
 j - a beast talisman
Scrolls
 q - 5 scrolls of teleportation {unknown}
Potions
 b - 3 potions of magic
 o - 2 potions of cancellation {unknown}
 r - a potion of brilliance {unknown}
 s - a potion of heal wounds {unknown}


   Skills:
 + Level 3.3 Dodging
 - Level 3.0 Stealth
 + Level 3.6 Spellcasting
 + Level 3.2 Conjurations
 + Level 5.6 Necromancy


You had 7 spell levels left.
You knew the following spells:

 Your Spells              Type           Power      Damage    Failure   Level
a - Necrotise             Necr           76%        1d7       1%          1
b - Vampiric Draining     Necr           19%        2d7       5%          3
c - Magic Dart            Conj           48%        1d5       4%          1

Your spell library contained the following spells:

 Spells                   Type           Power      Damage    Failure   Level
 Animate Dead             Necr           19%        N/A       19%         4
 Call Imp                 Summ           4%         N/A       28%         2
 Ensorcelled Hibernation  Hex/Ice        4%         N/A       28%         2
 Jinxbite                 Hex            4%         N/A       28%         2
 Lesser Beckoning         Tloc           4%         N/A       28%         2
 Poisonous Vapours        Pois/Air       4%         N/A       28%         2
 Stone Arrow              Conj/Erth      14%        3d7       28%         3
 Mephitic Cloud           Conj/Pois/Air  5%         N/A       36%         3
 Agony                    Necr           19%        N/A       45%         5
 Gell's Gravitas          Tloc           2%         N/A       50%         3
 Teleport Other           Tloc           2%         N/A       50%         3
 Anguish                  Hex/Necr       5%         N/A       50%         4
 Animate Armour           Summ/Erth      4%         N/A       88%         4
 Freezing Cloud           Conj/Ice/Air   2%         6-21      98%         5
 Lehudib's Crystal Spear  Conj/Erth      3%         10d3      100%        8


Dungeon Overview and Level Annotations

Branches:
Dungeon (3/15)              Sewer (visited)

Altars:

Annotations:
D:3 Grinder


Innate Abilities, Weirdness & Mutations

You have an unnaturally thin skeletal structure. (Dex +6, Stealth+++)
You are partially covered in sharp spines.


Message History

Grinder hits you! x2
You writhe in agony.
You can move again.
Aiming: Magic Dart (safe; 4% risk of failure)
Press: ? - help, Q - select action, (/) - cycle Shift-Dir - straight line, f/p - Grinder
Aim: Grinder (lightly wounded, 100% to hit)
The magic dart hits Grinder.
Grinder is lightly wounded.
Grinder hits you.
You writhe in agony.
Aiming: Magic Dart (safe; 4% risk of failure)
Press: ? - help, Q - select action, (/) - cycle Shift-Dir - straight line, f/p - Grinder
Aim: Grinder (lightly wounded, 100% to hit)
The magic dart hits Grinder but does no damage.
Grinder is lightly wounded.
Grinder blinks!
Okay, then.
This is a scroll of acquirement!
Something appears at your feet! Grinder gestures at you.
You resist with significant effort.
As you read the scroll labelled TEMOJI YRUDID, it crumbles to dust.
Your body is wracked with pain!
* * * LOW HITPOINT WARNING * * *
It was a scroll of torment.
Unknown command.
As you read the scroll labelled GAIMED WUTU, it crumbles to dust.
You feel aware of your surroundings.
It was a scroll of revelation.
Grinder hits you.
* * * LOW HITPOINT WARNING * * *
As you read the scroll labelled PUERUAMNAMIR, it crumbles to dust.
Wisps of shadow whirl around you...
It was a scroll of summoning.
Grinder gestures at you.
You suddenly lose the ability to move!
Grinder hits you.
* * * LOW HITPOINT WARNING * * *
Your adder barely misses Grinder.
Your goblin hits Grinder but does no damage.
Grinder hits you!
You die...
Grinder says, "Now the real fun starts!"

##..#.#*,* #.#####.#.#,* #.#..
##J.#.#*,#####.#.....#.#,* #.#.#
....#.#*,#####.#.#####.#,# #.#.#
....#g#*,....#.#.#####.#.# #.#..
....#.######.#.#.#####.#.####.###
##..#.#..........#####...#.##.#
,*,,#.#.####.#.#.#####)###....#
,*,,#.#......#g######).###.####
,*,,#.####...(.5@b..)......#
,*,,#.(.......S###...############
...............###....)).........
.##......#.....###.##.#.#######.#
...............##..##.#.# #.#
########.####.##...##.#.# #.#
,,,*,,......#.##.#.##.#.# #.#
**,*,*##....#.##.#.##.#.#######.#
*,*,* #....,,,..#.##.#.#.......#


You could see Grinder (ally target), a friendly adder (summoned), a friendly
goblin (summoned) and a friendly bat (summoned).

Vanquished Creatures
  3 kobold brigands (Sewer)
  A hound (D:3)
  6 gnolls
  3 river rats (Sewer)
  6 adders
  2 worms
  2 dart slugs (D:2)
  An orc (D:3)
  9 endoplasms
  2 giant cockroaches (D:1)
  5 goblins
  5 hobgoblins
  5 jackals
  7 kobolds
  2 quokkas (D:2)
  11 ball pythons
  9 bats
  2 frilled lizards
  5 rats
86 creatures vanquished.

Vanquished Creatures (collateral kills)
  A gnoll (D:3)
  A bat (D:1)
  A giant cockroach (D:1)
  A hobgoblin (D:1)
  A ball python (Sewer)
  3 frilled lizards
8 creatures vanquished.

Grand Total: 94 creatures vanquished

Notes
Turn   | Place    | Note
-------+----------+-------------------------------------------
     0 | D:1      | Queen the Demonspawn Necromancer began the quest for the
                  | Orb.
     0 | D:1      | Reached XP level 1. HP: 13/13 MP: 3/3
    75 | D:1      | Gained mutation: You are partially covered in sharp spines.
                  | [demonic ancestry]
    75 | D:1      | Reached XP level 2. HP: 17/19 MP: 0/5
   127 | D:1      | Found a faded altar of an unknown god.
   457 | D:1      | Gained mutation: You have a somewhat thin skeletal
                  | structure. (Dex +2, Stealth+) [demonic ancestry]
   457 | D:1      | Reached XP level 3. HP: 24/24 MP: 2/6
   591 | D:1      | Learned a level 3 spell: Vampiric Draining
  1445 | D:2      | Learned a level 1 spell: Magic Dart
  1559 | D:2      | Gained mutation: You have a moderately thin skeletal
                  | structure. (Dex +4, Stealth++) [demonic ancestry]
  1559 | D:2      | Reached XP level 4. HP: 30/30 MP: 2/7
  1792 | D:3      | Reached skill level 5 in Necromancy
  1870 | D:3      | Found a glowing drain.
  1873 | D:3      | Reached skill level 1 in Conjurations
  1881 | Sewer    | Entered a sewer
  1898 | Sewer    | Noticed a kobold brigand
  1986 | Sewer    | Killed a kobold brigand
  1987 | Sewer    | Gained mutation: You have an unnaturally thin skeletal
                  | structure. (Dex +6, Stealth+++) [demonic ancestry]
  1987 | Sewer    | Reached XP level 5. HP: 7/35 MP: 1/9
  2457 | Sewer    | Reached XP level 6. HP: 22/41 MP: 2/10
  3052 | D:3      | Noticed Grinder
  3299 | D:3      | Paralysed by Grinder for 4 turns
  3312 | D:3      | Paralysed by Grinder for 2 turns
  3756 | D:3      | Paralysed by Grinder for 2 turns
  3760 | D:3      | Paralysed by Grinder for 4 turns
  3769 | D:3      | Identified a scroll of acquirement
  3769 | D:3      | Acquired the +10 dagger of Cheibriados's Envy {venom, rC+
                  | rCorr}
  3772 | D:3      | Paralysed by Grinder for 5 turns
  3774 | D:3      | Slain by Grinder

Illustrated notes

Levels and vault maps discovered:
D:1:      dpeg_arrival_more_subterranean_lakeside_camping, layout_rooms,
          shapermc_ecumenical_altar_totnotflames
D:2:      layout_loops_cross
D:3:      layout_basic, portal_sewer_entry_d, minmay_checkerbox, uniq_natasha,
          uniq_grinder

Skill      XL: |  1  2  3  4  5  6 |
---------------+-------------------+-----
Stealth        | 2 3 |  3.0
Dodging        | 2 3 |  3.3
Necromancy     | 5 |  5.6
Conjurations   | 1 2 3 |  3.2
Spellcasting   | 3 |  3.6

Action                     |  1- 3 |  4- 6 || total
---------------------------+-------+-------++-------
  Melee: Club              |    11 |       ||    11
         Unarmed           |    11 |       ||    11
         Dagger            |    10 |    48 ||    58
  Throw: Dart              |       |     5 ||     5
   Cast: Necrotise         |    82 |    85 ||   167
         Magic Dart        |       |    20 ||    20
         Vampiric Draining |       |     5 ||     5
    Use: Potion            |       |     4 ||     4
         Scroll            |       |     4 ||     4
   Stab: Distracted        |     1 |       ||     1
         Sleeping          |       |     1 ||     1
 Armour: Robe              |    29 |    25 ||    54
  Dodge: Dodged            |    32 |    26 ||    58

Table legend: (Time is in decaauts)
 A = Elapsed time spent in this place.
 B = Non-inter-level travel time spent in this place.
 C = Inter-level travel time spent in this place.
 D = Time resting spent in this place.
 E = Time spent auto-exploring this place.
 F = Levels seen in this place.
 G = Mean time per level.
                   A        B        C        D        E       F      G
               +--------+--------+--------+--------+--------+-----+--------+
         Total |   3948 |   3758 |    190 |    737 |   1600 |   4 |  987.0 |
       Dungeon |   2662 |   2472 |    190 |    457 |   1077 |   3 |  887.3 |
         Sewer |   1286 |   1286 |      0 |    280 |    523 |   1 | 1286.0 |
               +--------+--------+--------+--------+--------+-----+--------+

Top non-repeatable levels by time:
   Sewer: 1286 daAuts
     D:2: 1018 daAuts
     D:1: 896 daAuts
     D:3: 747 daAuts
